[Event "Early-Titled-Tuesday-Blitz-February-27-2024"]
[Site "Chess.com"]
[Date "2024.02.27"]
[Round "5"]
[White "Ati1517"]
[Black "Canal_Showdrez"]
[Result "0-1"]
[WhiteElo "2231"]
[BlackElo "1995"]
[TimeControl "180+1"]
[EndTime "8:53:38 PST"]
[Termination "Canal_Showdrez won by resignation"]

1. e4 c5 2. Nf3 Nc6 3. d4 cxd4 4. Nxd4 Nf6 5. Nc3 e5 6. Ndb5 d6 7. Bg5 a6 8. Na3 b5 9. Nd5 Be7 10. Nxe7 Nxe7 11. Bxf6 gxf6 12. Qd2 d5 13. O-O-O Be6 14. Qh6 Ng6 15. exd5 Bxd5 16. c4 Rc8 17. Kb1 bxc4 18. Bxc4 Be4+ 19. Ka1 Qe7 20. Bxa6 Rb8 21. Nb5 Qb4 22.
Nd6+ Ke7 23. Rd2 Rhd8 24. Nxe4 Qxe4 25. Rhd1 Nf4 26. g3 Rxd2 27. Rc1 Rc2 28. Rd1 Rbxb2 0-1

[Event "Early-Titled-Tuesday-Blitz-February-27-2024"]
[Site "Chess.com"]
[Date "2024.02.27"]
[Round "5"]
[White "MusicCityMaster"]
[Black "JJDAREK"]
[Result "0-1"]
[WhiteElo "2553"]
[BlackElo "2424"]
[TimeControl "180+1"]
[EndTime "8:53:39 PST"]
[Termination "JJDAREK won by resignation"]

1. d4 d6 2. Nf3 g6 3. c4 Bg7 4.
Nc3 e5 5. e4 Bg4 6. dxe5 dxe5 7. Qxd8+ Kxd8 8. Be2 f6 9. Be3 c6 10. O-O-O+ Ke8 11. Rd2 Bh6 12. Bxh6 Nxh6 13. h3 Be6 14. Rhd1 Nf7 15. Kb1 Nd7 16. Na4 Ke7 17. b3 Rhd8 18. Ne1 Nb6 19. Nc5 Rxd2 20. Rxd2 Rd8 21. Kc1 Rxd2 22. Kxd2 Bc8 23. Nc2 Nd7 24. Nd3 Nd6 25. f3 b6 26. Ncb4 Bb7 27. a4 c5 28.
Nd5+ Bxd5 29. cxd5 c4 30. Nb4 cxb3 31. Nc6+ Ke8 32.
Nxa7 Nc5 33. Nb5 Ke7 34. Nxd6 Kxd6 35. Bb5 f5 36. Kc3 fxe4 37. fxe4 Nxe4+ 38. Kxb3 Kxd5 39. Bc4+ Kc5 40. Bg8 Nf6 41. Be6 e4 42. Kc3 e3 43. Kd3 Kb4 44. Kxe3 Kxa4 45. Kf4 b5 46.
Kg5 Ne4+ 47. Kh6 b4 48. Kxh7 Ng5+ 49. Kxg6 Nxe6 50. h4 b3 51. h5 Nf4+ 52. Kg5 Nxh5 0-1

[Event "Early-Titled-Tuesday-Blitz-February-27-2024"]
[Site "Chess.com"]
[Date "2024.02.27"]
[Round "5"]
[White "Vse_po_kaify"]
[Black "N4700000"]
[Result "1-0"]
[WhiteElo "2201"]
[BlackElo "2449"]
[TimeControl "180+1"]
[EndTime "8:53:39 PST"]
[Termination "Vse_po_kaify won by resignation"]

1. e4 c5 2. c4 Nc6 3. Nc3 e6 4.
g3 g6 5. Bg2 Bg7 6. Nge2 Nge7 7.
d3 d6 8. O-O h5 9. h3 h4 10. g4 e5 11. f4 exf4 12. Nxf4 Nd4 13. Nfd5 Nxd5 14. Nxd5 O-O 15. g5 f5 16. gxf6 Bxf6 17. Bh6 Rf7 18. Qd2 Be6 19. Nxf6+ Rxf6 20. Bg5 Rxf1+ 21. Rxf1 Qd7 22. Bxh4 Bxh3 23. Rf6 Qg4 24. Qg5 Qxg5 25. Bxg5 Bxg2 26. Kxg2 Kg7 27. Rxd6 Rf8 28.
Be3 Nc6 29. Rd7+ Rf7 30. Rxf7+ Kxf7 31. Bxc5 Ne5 32. Bxa7 Nxd3 33. Bd4 Ke6 34. Kf3 Nc1 35. a3 Nb3 36. Bc3 Nc5 37. b4 Na4 38. Bd4 1-0

[Event "Early-Titled-Tuesday-Blitz-February-27-2024"]
[Site "Chess.com"]
[Date "2024.02.27"]
[Round "5"]
[White "rcmz"]
[Black "JAN2404"]
[Result "1-0"]
[WhiteElo "2190"]
[BlackElo "1956"]
[TimeControl "180+1"]
[EndTime "8:53:39 PST"]
[Termination "rcmz won on time"]

1. b4 d6 2. Bb2 e5 3. e3 Nf6 4.
Nf3 b6 5. Be2 Bb7 6. c4 Be7 7.
d3 a5 8. b5 Nbd7 9. d4 exd4 10. exd4 d5 11. O-O O-O 12. Re1 dxc4 13. Bxc4 Bb4 14.
Nc3 Bxc3 15. Bxc3 Ne4 16. Bb2 Ndf6 17. Bd3 Qd5 18. Qc2 Rac8 19. h3 Rfe8 20. Bc4 Qh5 21. Qb3 Bd5 22. Ne5 Qf5 23. Bxd5 Qxf2+ 24. Kh1 Ng3+ 25.
Kh2 Nxd5 26. Qxg3 Qf6 27. Nc6 1-0

[Event "Early-Titled-Tuesday-Blitz-February-27-2024"]
[Site "Chess.com"]
[Date "2024.02.27"]
[Round "5"]
[White "FREDERICKtheMATE"]
[Black "annamaja"]
[Result "1-0"]
[WhiteElo "2669"]
[BlackElo "2425"]
[TimeControl "180+1"]
[EndTime "8:53:40 PST"]
[Termination "FREDERICKtheMATE won on time"]

1. d4 d5 2. c4 c6 3. Nc3 Nf6 4.
Nf3 g6 5. g3 Bg7 6. Bg2 O-O 7.
O-O Nbd7 8. cxd5 cxd5 9. Bf4 a6 10. a4 Qa5 11. Qb3 Rd8 12. Qa3 Bf8 13. b4 Qb6 14.
a5 Qa7 15. Bc7 Re8 16. Ne5 Qxd4 17. Rfd1 Qa7 18. Nxd5 Nxe5 19. Bxe5 Nxd5 20. Bxd5 e6 21. Be4 Bg7 22. Bxg7 Kxg7 23. Qc3+ e5 24. Qc7 Qb8 25. Rac1 Be6 26. Qxb7 Ra7 27. Qxb8 Rxb8 28. Rb1 Bc4 29. e3 Be2 30. Rd6 Bb5 31. Rc1 Re7 32. Bc6 Bxc6 33. Rcxc6 Rxb4 34. Rxa6 Rb1+ 35. Kg2 Ra1 36. Ra8 Rc7 37.
a6 Rc2 38. a7 Rca2 39. Rd7 Kf6 40. Rb7 Ke6 41. Kf3 Kf5 42. Rxf7+ Kg5 43. Rxh7 Kf6 44. h4 Kf5 45. e4+ Ke6 46. Kg4 Kf6 47. f3 Ke6 48. Kg5 1-0

[Event "Early-Titled-Tuesday-Blitz-February-27-2024"]
[Site "Chess.com"]
[Date "2024.02.27"]
[Round "5"]
[White "wannabe2700"]
[Black "Genghis_K"]
[Result "1-0"]
[WhiteElo "2734"]
[BlackElo "2931"]
[TimeControl "180+1"]
[EndTime "8:53:41 PST"]
[Termination "wannabe2700 won by resignation"]

1. b3 e5 2. Bb2 Nc6 3. e3 Nf6 4. Nf3 e4 5. Nd4 h5 6. c4 h4 7. h3 Rh6 8. d3 Bb4+ 9. Nd2 d6 10. Nxc6 bxc6 11. a3 Bxd2+ 12. Qxd2 Bf5 13. O-O-O Rb8 14.
Qa5 c5 15. d4 Rxb3 16. Qa4+ Bd7 17. Qxb3 Rh5 18. d5 Rf5 19. Rd2 Kf8 20. g4 hxg3 21.
fxg3 Rf3 22. g4 Nh7 23. Bg2 Rg3 24. Qc3 f6 25. Bxe4 Ng5 26. Bg2 Qe8 27. Re2 Qg6 28. Qe1 Qd3 29. Rd2 Qxe3 30. Qxe3 Rxe3 31. Kd1 Nxh3 32. Bxh3 Rxh3 33. Rxh3 Bxg4+ 34. Ke1 Bxh3 35. Rd3 Bc8 36. Rb3 Ba6 37. Rb8+ Kf7 38. Ra8 Bxc4 39.
Rxa7 Bxd5 40. Rxc7+ Ke6 41. Rxg7 Bc6 42. Rg6 Kd5 43.
Rxf6 Ba4 44. Kd2 Kc6 45. Be5 Kd5 46. Bxd6 1-0

[Event "Early-Titled-Tuesday-Blitz-February-27-2024"]
[Site "Chess.com"]
[Date "2024.02.27"]
[Round "5"]
[White "guillembaches"]
[Black "Kostukov_Alex"]
[Result "1-0"]
[WhiteElo "2523"]
[BlackElo "2371"]
[TimeControl "180+1"]
[EndTime "8:53:41 PST"]
[Termination "guillembaches won on time"]

1. d4 g6 2. Nf3 Bg7 3. c3 d5 4. Bg5 Nf6 5. Nbd2 O-O 6. e3 Nbd7 7. Be2 c5 8. O-O Qb6 9. Qb3 c4 10. Qa3 Re8 11. h3 Nf8 12. Bf4 Bf5 13. b3 cxb3 14. axb3 a6 15. c4 e6 16. c5 Qc6 17. b4 Ne4 18. Nxe4 Bxe4 19. Ne5 Qc8 20. Qb2 g5 21. Bh2 f6 22. Nf3 Nd7 23. b5 axb5 24. Rxa8 Qxa8 25. Bxb5 Rd8 26. Ra1 Qc8 27. Ra7 h5 28. Be2 g4 29.
hxg4 hxg4 30. Nd2 Bf5 31. Qxb7 Qxb7 32. Rxb7 e5 33. Bb5 Nf8 34. c6 exd4 35. exd4 Ra8 36. c7 Ra1+ 37. Nf1 Rc1 38. Rb8 Kf7 39. Ba6 1-0

[Event "Early-Titled-Tuesday-Blitz-February-27-2024"]
[Site "Chess.com"]
[Date "2024.02.27"]
[Round "5"]
[White "UnTucopalaTimba"]
[Black "Happy1712Drummer"]
[Result "0-1"]
[WhiteElo "1983"]
[BlackElo "2395"]
[TimeControl "180+1"]
[EndTime "8:53:41 PST"]
[Termination "Happy1712Drummer won by resignation"]

1. e4 c6 2. d4 d5 3. Nc3 dxe4 4.
Nxe4 Nf6 5. Nxf6+ exf6 6. c3 Bd6 7. Bd3 Na6 8. Ne2 Nc7 9. Qc2 h5 10. Bf4 Nd5 11. Bxd6 Qxd6 12. O-O Kf8 13. Rfe1 Be6 14. a3 g6 15. Ng3 Kg7 16. Ne4 Qc7 17. Nc5 Bg4 18.
h3 b6 19. Ne4 Be6 20. Rad1 Nf4 21. Bf1 Rae8 22. Nd2 Bf5 23. Ne4 Qd7 24. Qd2 Nxh3+ 25. gxh3 Bxe4 26. Qf4 Bf5 27. Bg2 Bxh3 28. Qg3 Bxg2 29.
Qxg2 h4 30. Qh3 Qxh3 0-1

[Event "Early-Titled-Tuesday-Blitz-February-27-2024"]
[Site "Chess.com"]
[Date "2024.02.27"]
[Round "5"]
[White "Der_Balak_3Halak"]
[Black "Roman_Ovetchkin"]
[Result "1-0"]
[WhiteElo "2458"]
[BlackElo "2587"]
[TimeControl "180+1"]
[EndTime "8:53:42 PST"]
[Termination "Der_Balak_3Halak won on time"]

1. e4 e5 2. Nf3 Nc6 3. Bb5 a6 4. Bxc6 dxc6 5. O-O Ne7 6. c3 Ng6 7. d4 Bg4 8. Be3 Bd6 9. h3 Be6 10. Nbd2 h6 11. Qe2 Qe7 12. Nc4 Bxc4 13. Qxc4 O-O-O 14. Rfe1 Rhe8 15. a4 exd4 16. Bxd4 f6 17. b4 Qe6 18.
Nd2 Bf4 19. Qxe6+ Rxe6 20. Nc4 Rde8 21. f3 Bg3 22. Red1 Nf4 23. b5 Ne2+ 24. Kf1 Nxd4 25. Rxd4 c5 26. Rd5 1-0

[Event "Early-Titled-Tuesday-Blitz-February-27-2024"]
[Site "Chess.com"]
[Date "2024.02.27"]
[Round "5"]
[White "RedFirePanda"]
[Black "Heinza9"]
[Result "1-0"]
[WhiteElo "2549"]
[BlackElo "2335"]
[TimeControl "180+1"]
[EndTime "8:53:42 PST"]
[Termination "RedFirePanda won on time"]

1. d4 f5 2. Bf4 Nf6 3. e3 e6 4. h3 b6 5. c3 Bb7 6. Nf3 Be7 7.
Be2 O-O 8. O-O h6 9. Nbd2 d6 10. a4 a5 11. Qb3 d5 12. Ne5 Bd6 13.
Ndf3 Nbd7 14. Rac1 Ne4 15. Rfd1 c5 16. c4 cxd4 17. exd4 Bb4 18. Nxd7 Qxd7 19. Ne5 Qe8 20. f3 Nf6 21. c5 g5 22. Bb5 Qh5 23. Bh2 g4 24.
fxg4 fxg4 25. hxg4 Qg5 26. c6 Ba6 27. Bxa6 Rxa6 28.
c7 Rc8 29. Qf3 Ra7 30. Bf4 Qg7 31. Nc6 Rb7 32. Be5 Rf8 33. Nd8 Rxc7 34. Rxc7 Qg5 35. Nxe6 1-0

[Event "Early-Titled-Tuesday-Blitz-February-27-2024"]
[Site "Chess.com"]
[Date "2024.02.27"]
[Round "5"]
[White "salomez"]
[Black "NLLO777"]
[Result "0-1"]
[WhiteElo "2328"]
[BlackElo "2547"]
[TimeControl "180+1"]
[EndTime "8:53:42 PST"]
[Termination "NLLO777 won on time"]

1. e4 c6 2. d4 d5 3. exd5 cxd5 4. Bd3 Nc6 5. c3 Nf6 6. Bf4 e6 7. Nf3 Bd6 8. Ne5 O-O 9. Qe2 Qc7 10. O-O Nd7 11.
Re1 Ncxe5 12. dxe5 Be7 13. Nd2 b6 14. Nf3 Nc5 15. Bc2 a5 16. Nd4 Ba6 17. Qh5 Bd3 18.
Rad1 Bxc2 19. Nxc2 g6 20. Qh6 Rfc8 21. Bg5 Bf8 22.
Qh4 b5 23. Nd4 b4 24. Re3 bxc3 25. Rxc3 Qxe5 26. Bf6 Qe4 27. Qg5 Nd7 28. Rh3 Nxf6 29. Qxf6 Bg7 30. Qe7 Bxd4 31. Rf3 Rf8 0-1

[Event "Early-Titled-Tuesday-Blitz-February-27-2024"]
[Site "Chess.com"]
[Date "2024.02.27"]
[Round "5"]
[White "MITerryble"]
[Black "Semen16"]
[Result "1-0"]
[WhiteElo "3022"]
[BlackElo "2724"]
[TimeControl "180+1"]
[EndTime "8:53:44 PST"]
[Termination "MITerryble won on time"]

1. d4 d5 2. Bg5 Nd7 3. Nc3 Ngf6 4.
e3 e6 5. Nf3 h6 6. Bf4 a6 7.
Bd3 Bd6 8. Ne5 Nb6 9. O-O c5 10. a4 Qc7 11. Bg3 Nbd7 12. f4 cxd4 13. exd4 Qb6 14.
Kh1 Qxb2 15. Qf3 Bxe5 16. fxe5 Qxc3 17. exf6 gxf6 18. Rae1 Qc6 19. Qh5 b6 20. c4 Bb7 21.
cxd5 Qxd5 22. Qe2 h5 23. Rf4 Ke7 24. Be4 Qg5 25. Bxb7 Rag8 26. Re4 Qf5 27. Rf1 Qg5 28. Bh4 Qg6 29. d5 Nc5 30. dxe6 Nxe4 31. Bxe4 Qg4 32.
Bxf6+ Kxe6 33. Bf5+ Kxf6 34. Bxg4+ 1-0

[Event "Early-Titled-Tuesday-Blitz-February-27-2024"]
[Site "Chess.com"]
[Date "2024.02.27"]
[Round "5"]
[White "RantomOpening"]
[Black "Preobrazhenska_D2011"]
[Result "1-0"]
[WhiteElo "2590"]
[BlackElo "2432"]
[TimeControl "180+1"]
[EndTime "8:53:45 PST"]
[Termination "RantomOpening won by checkmate"]

1. c4 e5 2. Nc3 Nf6 3. Nf3 Nc6 4. e3 d5 5. cxd5 Nxd5 6. Bb5 Nxc3 7. bxc3 Bd6 8. d4 exd4 9. cxd4 O-O 10. O-O Bg4 11. Be2 Re8 12. h3 Bh5 13. Rb1 Qc8 14.
a4 Nb4 15. Nh4 Bxe2 16. Qxe2 Nd5 17. Bd2 b6 18. e4 Nf4 19. Qf3 Ne6 20. Be3 c6 21.
Nf5 Bb8 22. d5 Nf8 23. Rbc1 c5 24. Bf4 Ng6 25. Bxb8 Qxb8 26. Rfe1 Qe5 27. Qe3 Nf4 28. Qg3 g6 29. Ne3 Nd3 30. Qxe5 Rxe5 31. Nc4 Ree8 32. e5 Nxc1 33. Rxc1 Rad8 34. d6 a6 35. f4 b5 36.
axb5 axb5 37. Na5 c4 38. Nc6 Rf8 39. Nxd8 Rxd8 40. Kf2 Kf8 41. Ke3 Ke8 42. Kd4 Rc8 43.
Kd5 Kd7 44. g4 c3 45. f5 b4 46. e6+ fxe6+ 47. fxe6+ Kd8 48. Rf1 Ke8 49. d7+ Kd8 50. Rf8+ Ke7 51. Rf7+ Kd8 52. Kd6 Rc4 53. e7# 1-0

[Event "Early-Titled-Tuesday-Blitz-February-27-2024"]
[Site "Chess.com"]
[Date "2024.02.27"]
[Round "5"]
[White "rhwr"]
[Black "Mesa_1"]
[Result "0-1"]
[WhiteElo "2278"]
[BlackElo "2507"]
[TimeControl "180+1"]
[EndTime "8:53:45 PST"]
[Termination "Mesa_1 won on time"]

1. e4 e5 2. Nf3 Nf6 3. Nc3 Nc6 4. Bb5 Bb4 5. Bxc6 dxc6 6. d3 Nd7 7. O-O f6 8. a3 Bd6 9. d4 O-O 10. Be3 b6 11.
Re1 Bb7 12. b4 Re8 13. d5 cxd5 14. Nxd5 Nf8 15. c4 c6 16. Nc3 Bc7 17. Qb3 Bc8 18. Rad1 Qe7 19. b5 c5 20. Nd5 Qf7 21.
Bc1 Ne6 22. Qd3 Bb7 23. Bb2 Rad8 24. g3 Bb8 25. Nh4 g6 26. Qf3 Kg7 27. Qg4 h5 28. Qf3 Nc7 29. Ne3 Ne6 30. Rxd8 Rxd8 31. Qg2 Rd2 32. Bc3 Rd3 33. Rc1 Ng5 34. Nd5 Bc8 35. f4 exf4 36. gxf4 Nh3+ 37. Kh1 Nxf4 38. Qf1 Bh3 39. Qf2 Nxd5 40. exd5 Qe7 41. Re1 Be5 42. Bxe5 fxe5 43. Ng2 Qg5 0-1

[Event "Early-Titled-Tuesday-Blitz-February-27-2024"]
[Site "Chess.com"]
[Date "2024.02.27"]
[Round "5"]
[White "oneshot007"]
[Black "MKlose11"]
[Result "1-0"]
[WhiteElo "2459"]
[BlackElo "2587"]
[TimeControl "180+1"]
[EndTime "8:53:47 PST"]
[Termination "oneshot007 won by resignation"]

1. e4 e6 2. d4 d5 3. Nc3 Bb4 4. a3 Bxc3+ 5. bxc3 dxe4 6. Qg4 Nf6 7. Qxg7 Rg8 8. Qh6 Rg6 9. Qd2 c5 10. Ne2 Nc6 11. dxc5 Qxd2+ 12. Bxd2 Bd7 13. h3 O-O-O 14. g4 h5 15. g5 Nd5 16. Bg2 f5 17. h4 Ne5 18. Nf4 Nxf4 19. Bxf4 Nc4 20. Bf1 e5 21. Bg3 Be6 22. Bxc4 Bxc4 23. Bxe5 Rd5 24. Bd4 f4 25. Rh3 Kd7 26. Kd2 Ke6 27. Rb1 Rd7 28. c6 bxc6 29. Kc1 Kf5 30. Rb8 Kg4 31. Rh1 Kf3 32.
Rh8 Rxd4 33. cxd4 Kxf2 34. Rh6 Rg8 35. Rxc6 Bf1 36. Rf6 f3 37. g6 e3 38. Rxf1+ Kxf1 39. Rxf3+ Ke2 40. Rf6 a5 41. d5 a4 42. d6 Rg7 43. c4 Kd3 44. c5 e2 45. Re6 Rxg6 46.
Rxe2 Kxe2 47. d7 Rg1+ 48. Kc2 Rd1 49. c6 Rd6 50. c7 Rxd7 51. c8=Q Rd2+ 52. Kc3 Rd3+ 53.
Kb4 Rd8 54. Qxd8 1-0

[Event "Early-Titled-Tuesday-Blitz-February-27-2024"]
[Site "Chess.com"]
[Date "2024.02.27"]
[Round "5"]
[White "LileKoridze"]
[Black "Dewarfd"]
[Result "1-0"]
[WhiteElo "2420"]
[BlackElo "2155"]
[TimeControl "180+1"]
[EndTime "8:53:47 PST"]
[Termination "LileKoridze won on time"]

1. d4 Nf6 2. c4 g6 3. Nc3 d5 4. cxd5 Nxd5 5. Bd2 Bg7 6. e4 Nxc3 7. Bxc3 O-O 8. Qd2 c5 9. d5 e6 10. Nf3 exd5 11.
exd5 Re8+ 12. Be2 Bg4 13. O-O Nd7 14. h3 Bxf3 15. Bxf3 Ne5 16. Bxe5 Rxe5 17. Rad1 Qd6 18. Rfe1 Rae8 19. Rxe5 Rxe5 20. b3 h5 21. Qa5 Re7 22. Qxa7 Bd4 23. Qa5 b6 24. Qd2 Ra7 25. Re1 Re7 26. Rxe7 Qxe7 27. Qe2 Kf8 28. Qd2 Kg7 29. g3 Qe5 30. Kg2 Kf6 31. Qh6 Qe1 32. Qf4+ Kg7 33.
Be4 Bf6 34. d6 Qd1 35. Bf3 Qd4 36. Be4 Qd1 37. Bc6 Qd4 38. Qxd4 Bxd4 39. f4 Kf6 40.
Bd5 Kg7 41. Kf3 Bf6 42. Ke4 Bd8 43. Bc4 1-0

[Event "Early-Titled-Tuesday-Blitz-February-27-2024"]
[Site "Chess.com"]
[Date "2024.02.27"]
[Round "5"]
[White "KacperKacprzak"]
[Black "Chopper1905"]
[Result "0-1"]
[WhiteElo "2701"]
[BlackElo "2924"]
[TimeControl "180+1"]
[EndTime "8:53:49 PST"]
[Termination "Chopper1905 won by resignation"]

1. d4 Nf6 2. c4 g6 3. Nc3 Bg7 4. e4 d6 5. Be2 O-O 6. Bg5 c6 7. Nf3 Na6 8. O-O e5 9. d5 h6 10. Be3 Ng4 11. a3 Nxe3 12. fxe3 h5 13. b4 Bh6 14. Qd3 c5 15. Rab1 b6 16. Kh1 Kg7 17. Nb5 Qe7 18. Nd2 Bd7 19. Nc3 Qg5 20. Nd1 Ba4 21.
Rf3 Bd7 22. Rf1 Rae8 23. Nf3 Qd8 24. Nc3 f5 25. Nd2 Qg5 26. Rf3 f4 27. exf4 exf4 28.
Rff1 Qf6 29. Nf3 g5 30. e5 dxe5 31. Ne4 Qg6 32. Nfd2 Bf5 33. Rfe1 g4 34. Bf1 Kh8 35. Qc3 f3 36. Bd3 fxg2+ 37. Kxg2 h4 38. Re2 Rg8 39.
Rf1 g3 40. hxg3 Bxd2 41. Qxd2 Bxe4+ 42. Bxe4 Qxg3+ 43. Kh1 Qh3+ 0-1

[Event "Early-Titled-Tuesday-Blitz-February-27-2024"]
[Site "Chess.com"]
[Date "2024.02.27"]
[Round "5"]
[White "DonCiao"]
[Black "tylityli"]
[Result "0-1"]
[WhiteElo "2095"]
[BlackElo "2296"]
[TimeControl "180+1"]
[EndTime "8:53:49 PST"]
[Termination "tylityli won on time"]

1. c4 c5 2. g3 Nf6 3. Bg2 d5 4. cxd5 Nxd5 5. Nc3 Nc7 6. Nf3 e5 7. Nxe5 Be7 8. O-O O-O 9. d3 Bd6 10. Nc4 Be7 11. a4 Nc6 12. Bf4 Be6 13. Bxc7 Qxc7 14. Nb5 Qd7 15. Rc1 Rad8 16. Qd2 b6 17. Rfd1 Nb4 18.
Qf4 Nd5 19. Qf3 Rb8 20. Ne5 Qb7 21. Nc3 Rfd8 22. e4 Nb4 23. Qh5 g6 24. Qh6 Bf8 25.
Qe3 Bg7 26. f4 Qc7 27. Nf3 Bg4 0-1

[Event "Early-Titled-Tuesday-Blitz-February-27-2024"]
[Site "Chess.com"]
[Date "2024.02.27"]
[Round "5"]
[White "Caroexpert"]
[Black "Yan_Dyomin2010"]
[Result "1-0"]
[WhiteElo "2529"]
[BlackElo "2731"]
[TimeControl "180+1"]
[EndTime "8:53:51 PST"]
[Termination "Caroexpert won by resignation"]

1. c4 c5 2. Nf3 g6 3. g3 Bg7 4. Bg2 Nc6 5. O-O d6 6. Nc3 Qd7 7. e3 b6 8. d4 Bb7 9. d5 Na5 10. Nd2 Nf6 11. Qc2 O-O 12. b3 a6 13. a4 b5 14.
axb5 axb5 15. Bb2 bxc4 16. bxc4 Ng4 17. Rfb1 Ne5 18. Nb5 Ra6 19. f4 Ng4 20. Bxg7 Kxg7 21. Qc3+ Kg8 22. Rxa5 Rxa5 23. Qxa5 Nxe3 24. Qc7 Qg4 25.
Bf3 Qf5 26. Qxe7 Qd3 27. Rb3 Qxd2 28. Qxe3 Qa5 29. Nxd6 Ba6 30. Ra3 Qb6 31. Nb5 Bxb5 32. Rb3 1-0

[Event "Early-Titled-Tuesday-Blitz-February-27-2024"]
[Site "Chess.com"]
[Date "2024.02.27"]
[Round "5"]
[White "Elprofessor21"]
[Black "JERO-8914"]
[Result "0-1"]
[WhiteElo "2654"]
[BlackElo "2467"]
[TimeControl "180+1"]
[EndTime "8:53:53 PST"]
[Termination "JERO-8914 won by resignation"]

1. d4 Nf6 2. c4 e6 3. g3 d5 4. Bg2 Be7 5. Nf3 dxc4 6. O-O Nc6 7.
Na3 Bxa3 8. bxa3 O-O 9. a4 a6 10. Ba3 Re8 11. Rc1 b5 12. Ne5 Nxe5 13. Bxa8 Ng6 14.
Bg2 Bd7 15. e4 e5 16. d5 Qb8 17. axb5 axb5 18. Bb4 c6 19. dxc6 Bxc6 20. Qc2 Qb6 21. h3 Ra8 22. a3 Nd7 23. Kh2 Nc5 24. Rfd1 Nb3 25. Rb1 Nd4 26. Qd2 Qb7 27. Qe3 f5 28.
Bc3 f4 29. gxf4 Nxf4 30. Bxd4 Nxg2 31. Qg5 exd4 32. Rxd4 Bxe4 33. Rbd1 Qc7+ 34. Kg1 Nf4 35. Rd8+ Rxd8 36. Qxd8+ Qxd8 37. Rxd8+ Kf7 38. f3 Bd3 39. Kf2 c3 40. Rc8 c2 41. Ke3 Ne2 0-1

[Event "Early-Titled-Tuesday-Blitz-February-27-2024"]
[Site "Chess.com"]
[Date "2024.02.27"]
[Round "5"]
[White "Vesapesa"]
[Black "Casper"]
[Result "0-1"]
[WhiteElo "2238"]
[BlackElo "2540"]
[TimeControl "180+1"]
[EndTime "8:53:53 PST"]
[Termination "Casper won on time"]

1. e4 c6 2. d4 d5 3. exd5 Qxd5 4.
c4 Qa5+ 5. Bd2 Qd8 6. Nf3 Bg4 7. Bc3 Nf6 8. Nbd2 e6 9. Be2 c5 10. Qb3 Qb6 11. h3 Bh5 12. O-O Nc6 13. Rfe1 Be7 14. Qxb6 axb6 15. a3 O-O 16. Rad1 Rfd8 17. g4 Bg6 18. Nf1 Bc2 19. Rd2 Bb3 20. Ng3 Ra4 21. Ne5 cxd4 22. Nxc6 bxc6 23. Rxd4 Rxd4 24. Bxd4 c5 25. Be5 Bxc4 26. Rd1 Nd5 27. Bf3 f6 28. Bxd5 exd5 29. Bc3 d4 30. Be1 Bd6 31. Nf5 Be5 32.
Bd2 Kf7 33. f4 Bc7 34. Re1 Be6 35. Nxg7 Kxg7 36. Rxe6 Kf7 37. Rc6 Ra7 38. f5 Rb7 39. g5 Be5 40. gxf6 d3 41. Bc3 Bxc3 42. bxc3 Rd7 0-1

[Event "Early-Titled-Tuesday-Blitz-February-27-2024"]
[Site "Chess.com"]
[Date "2024.02.27"]
[Round "5"]
[White "maciek_92"]
[Black "Zq1"]
[Result "1/2-1/2"]
[WhiteElo "2836"]
[BlackElo "2635"]
[TimeControl "180+1"]
[EndTime "8:53:55 PST"]
[Termination "Game drawn - insufficient material"]

1. e4 c5 2. Nf3 d6 3. Bb5+ Bd7 4. a4 Nc6 5. O-O Nf6 6. Re1 g6 7. c3 Bg7 8. d4 cxd4 9. cxd4 O-O 10. Nc3 a6 11.
Be2 Rc8 12. h3 e5 13. Be3 exd4 14. Nxd4 Nxd4 15. Bxd4 Bc6 16. Bf3 Re8 17. Qd2 b5 18. axb5 axb5 19. Nd5 Bxd5 20. exd5 Rxe1+ 21. Qxe1 Nd7 22.
Bxg7 Kxg7 23. Bg4 h5 24. Bxd7 Qxd7 25. Qb4 Qc7 26. Qd4+ Kg8 27. Ra6 Qc5 28. Qxc5 Rxc5 29. Rxd6 Rc2 30. Kf1 Rxb2 31. Rd8+ Kg7 32. d6 Rd2 33.
Ke1 Rd5 34. Rb8 Rxd6 35. Rxb5 Re6+ 36. Kf1 Rd6 37. g3 Re6 38. h4 Rd6 39. Kg2 Re6 40. Kf3 Rd6 41. Rb3 Re6 42. Re3 Rxe3+ 43. Kxe3 Kf6 44.
Kf4 Ke6 45. Kg5 Ke5 46. f3 Ke6 47. g4 hxg4 48. fxg4 Ke7 49. Kf4 Kf6 50. Ke4 Ke6 51. Kf4 Kf6 52. g5+ Ke6 53. Kg4 Ke5 54. h5 gxh5+ 55.
Kxh5 Kf5 56. Kh6 Kg4 57. Kg7 Kxg5 58. Kxf7 1/2-1/2

[Event "Early-Titled-Tuesday-Blitz-February-27-2024"]
[Site "Chess.com"]
[Date "2024.02.27"]
[Round "5"]
[White "phantom19801127"]
[Black "Kezin_Roman"]
[Result "0-1"]
[WhiteElo "2536"]
[BlackElo "2785"]
[TimeControl "180+1"]
[EndTime "8:53:55 PST"]
[Termination "Kezin_Roman won by checkmate"]

1. d4 g6 2. c4 Bg7 3. h4 Nf6 4. Nc3 c5 5. d5 d6 6. e4 b5 7. cxb5 a6 8. a4 O-O 9. Ra3 Re8 10. Be2 e6 11. Kf1 exd5 12. exd5 Nbd7 13. h5 axb5 14. Nxb5 Nb6 15. hxg6 hxg6 16. Bf4 Nbxd5 17.
Bxd6 Bb7 18. Bc4 Re4 19. b3 Qa5 20. Nf3 Rae8 21. Ra2 Ng4 22. Bxc5 Bf6 23. Re2 Nc3 24. Nxc3 Rxe2 25. Nxe2 Qxc5 26. Qd7 Qxf2# 0-1

[Event "Early-Titled-Tuesday-Blitz-February-27-2024"]
[Site "Chess.com"]
[Date "2024.02.27"]
[Round "5"]
[White "TregubovP"]
[Black "WindWhistler11"]
[Result "0-1"]
[WhiteElo "2673"]
[BlackElo "2507"]
[TimeControl "180+1"]
[EndTime "8:53:55 PST"]
[Termination "WindWhistler11 won by checkmate"]

1. e4 e6 2. d4 d5 3. exd5 exd5 4.
Nf3 Nc6 5. Bd3 Bg4 6. c3 Bd6 7.
h3 Bh5 8. Nbd2 Nge7 9. Qc2 Bg6 10. Nf1 Qd7 11. Ng3 O-O-O 12. O-O h5 13. Nh4 Bxd3 14.
Qxd3 f6 15. Re1 Rde8 16. Bd2 Bxg3 17. fxg3 g5 18. Ng6 Rhg8 19. Nxe7+ Nxe7 20. Re2 Nf5 21. Rae1 Rxe2 22. Rxe2 Nd6 23. Qf3 Ne4 24. c4 g4 25.
hxg4 Qxg4 26. Qxg4+ Rxg4 27. Bf4 c6 28. cxd5 cxd5 29.
Kh2 h4 30. Kh3 f5 31. Rc2+ Kd7 32. Rc7+ Kd8 33. Rxb7 hxg3 34. Bc1 Nf2# 0-1

[Event "Early-Titled-Tuesday-Blitz-February-27-2024"]
[Site "Chess.com"]
[Date "2024.02.27"]
[Round "5"]
[White "Road2GM3000"]
[Black "regenda"]
[Result "1-0"]
[WhiteElo "2436"]
[BlackElo "2251"]
[TimeControl "180+1"]
[EndTime "8:53:55 PST"]
[Termination "Road2GM3000 won by resignation"]

1. d4 d5 2. c4 c6 3. Nc3 Nf6 4. Nf3 e6 5. cxd5 exd5 6. Bg5 Nbd7 7. e3 Bd6 8. Bd3 Nf8 9. Qc2 Ng6 10. h4 Ne7 11.
Ne5 Nd7 12. h5 Nxe5 13. dxe5 Bxe5 14. Bxh7 Qa5 15. h6 Bg4 16. hxg7 Bxg7 17. Rh4 Rxh7 18. Rxh7 Bf5 19. Qb3 Bxc3+ 20. bxc3 Bxh7 21. Qxb7 Qxc3+ 22. Ke2 Qc4+ 23. Kd2 Qd3+ 24. Ke1 Qc3+ 25. Ke2 Qc2+ 26. Kf3 Qe4+ 27. Kg3 Rc8 28. Bxe7 Qxe7 29. Qxc8+ Qd8 30. Qxc6+ Kf8 31. Qh6+ Kg8 32. Rh1 Qc7+ 33. f4 f6 34. Qxf6 Qg7+ 35. Qxg7+ Kxg7 36. Rh5 Be4 37. Re5 Kf6 38.
Rxe4 dxe4 39. Kh4 Ke6 40. g4 Kd5 41. Kg3 Kc4 42. g5 Kd3 43. Kf2 1-0

[Event "Early-Titled-Tuesday-Blitz-February-27-2024"]
[Site "Chess.com"]
[Date "2024.02.27"]
[Round "5"]
[White "Knightmare1014"]
[Black "aljado"]
[Result "1-0"]
[WhiteElo "2271"]
[BlackElo "2019"]
[TimeControl "180+1"]
[EndTime "8:53:55 PST"]
[Termination "Knightmare1014 won on time"]

1. e4 c5 2. Nf3 e6 3. d4 cxd4 4.
Nxd4 Bc5 5. Nb3 Bb6 6. Nc3 Ne7 7. Be2 O-O 8. O-O f5 9. e5 Nbc6 10. Be3 Nxe5 11. Kh1 N7g6 12. a4 a6 13. a5 Bc7 14.
f4 Nc6 15. Bh5 d5 16. Bxg6 hxg6 17. Nd4 Bd7 18. Qf3 Rc8 19. Qh3 e5 20. Nxc6 Bxc6 21. fxe5 Bxe5 22. Bb6 Qf6 23. Rad1 d4 24. Ne2 Bb5 25.
Rfe1 Rxc2 26. Nxd4 Rxb2 27. Nf3 Bf4 28. Bd4 1-0